 Dungeon Crawl Stone Soup version 0.30-a0-737-gf23d94013f (webtiles) character file.

Game seed: 18432089413962665735

11524 epsilonplus the Trooper (level 11, -6/92 HPs)
             Began as a Demigod Warper on Feb 1, 2023.
             Mangled by an enormous slime creature (35 damage)
             ... on level 12 of the Dungeon.
             The game lasted 00:19:14 (13089 turns).

epsilonplus the Trooper (Demigod Warper)           Turns: 13089, Time: 00:19:15

Health: -6/92      AC: 14    Str: 20    XL:     11   Next: 26%
Magic:  0/22       EV: 13    Int: 25    God:
Gold:   911        SH:  0    Dex: 13    Spells: 12/20 levels left

rFire   + . .      SeeInvis +    X - +5 broad axe (freeze)
rCold   . . .      Faith    .    (no shield)
rNeg    + . .      Spirit   +    u - +1 ring mail "Vofiys" {rF+ rN+ Slay+4}
rPois   .          Reflect  .    (no helmet)
rElec   .          Harm     .    q - +1 cloak
rCorr   .          Rampage  .    F - +1 pair of gloves
Will    +....                    y - +1 pair of boots
Stlth   +                        G - amulet of guardian spirit
HPRegen 0.35/turn                g - +6 ring of intelligence
MPRegen 0.18/turn                i - ring of see invisible

@: on blink cooldown
A: high MP 1, forlorn, divine attributes
a: no special abilities


You were on level 12 of the Dungeon.
You visited 1 branch of the dungeon, and saw 12 of its levels.

You collected 1031 gold pieces.
You spent 120 gold pieces at shops.

Inventory:

Hand Weapons
 D - a +1 heavy war axe
 O - a +6 heavy spear
 X - a +5 broad axe of freezing (weapon)
Missiles
 d - 6 boomerangs of dispersal
 r - 4 javelins
 s - 3 silver boomerangs
 C - 37 poisoned darts (quivered)
 I - 4 throwing nets
 L - a boomerang
Armour
 m - a +1 scale mail of fire resistance
 q - a +1 cloak (worn)
 u - the +1 ring mail "Vofiys" (worn) {rF+ rN+ Slay+4}
   (You acquired it on level 4 of the Dungeon)

   Slay:      It affects your accuracy & damage with ranged weapons and melee
   (+4).
   rF:        It protects you from fire.
   rN:        It protects you from negative energy.
 y - a +1 pair of boots (worn)
 F - a +1 pair of gloves (worn)
 J - +0 steam dragon scales
 Y - +0 steam dragon scales
Jewellery
 a - a ring of protection from cold
 b - a ring of protection from fire
 g - a +6 ring of intelligence (left hand)
 i - a ring of see invisible (right hand)
 t - a +6 ring of dexterity
 G - an amulet of guardian spirit (around neck)
 M - a ring of positive energy
 V - a ring of protection from cold
Wands
 x - a wand of paralysis (18)
 P - a wand of iceblast (13)
 T - a wand of light (7)
 U - a wand of flame (4)
Scrolls
 c - 5 scrolls of blinking
 j - a scroll of fear
 A - a scroll of silence
 B - a scroll of teleportation
 E - 2 scrolls of noise
 H - a scroll of amnesia
 R - a scroll of immolation {unknown}
 S - a scroll of fog {unknown}
Potions
 e - 2 potions of cancellation
 f - a potion of curing
 h - 5 potions of heal wounds
 k - 2 potions of haste
 l - 3 potions of flight
 n - 2 potions of attraction
 o - 2 potions of mutation
 p - 2 potions of magic
 v - 2 potions of invisibility
 w - 3 potions of might
 z - 2 potions of brilliance
Miscellaneous
 K - a condenser vane


   Skills:
 + Level 7.0 Fighting
 - Level 2.0 Long Blades
 + Level 7.0(7.7) Axes
 - Level 4.9(6.6) Polearms
 - Level 3.0 Throwing
 + Level 6.5 Armour
 - Level 6.1 Dodging
 + Level 5.2 Spellcasting
 - Level 6.2 Translocations
 - Level 3.6 Air Magic


You had 12 spell levels left.
You knew the following spells:

 Your Spells              Type           Power      Damage    Failure   Level
a - Blink                 Tloc           74%        N/A       1%          2
b - Teleport Other        Tloc           37%        N/A       3%          3
c - Vhi's Electric Charg  Tloc/Air       62%        N/A       4%          3

Your spell library contained the following spells:

 Spells                   Type           Power      Damage    Failure   Level
 Lesser Beckoning         Tloc           74%        N/A       1%          2
 Gell's Gravitas          Tloc           37%        N/A       3%          3
 Kindle Blastsparks       Fire/Tloc/Air  46%        2d13      10%         3
 Manifold Assault         Tloc           37%        N/A       10%         4
 Beastly Appendage        Tmut           12%        N/A       13%         1
 Summon Small Mammal      Summ           24%        N/A       13%         1
 Wereblood                Tmut           6%         N/A       19%         2
 Iskenderun's Mystic Bla  Conj/Tloc      22%        2d6       34%         4
 Call Canine Familiar     Summ           6%         N/A       36%         3
 Dazzling Flash           Conj/Hex       12%        N/A       36%         3
 Ignite Poison            Fire/Tmut/Pois 6%         N/A       36%         3
 Inner Flame              Hex/Fire       6%         N/A       36%         3
 Spider Form              Tmut/Pois      6%         N/A       36%         3
 Summon Guardian Golem    Hex/Summ       6%         N/A       36%         3
 Summon Forest            Summ/Tloc      11%        N/A       67%         5
 Cause Fear               Hex            3%         N/A       77%         4
 Sticky Flame             Conj/Fire      6%         2d3       77%         4
 Freezing Cloud           Conj/Ice/Air   6%         6-21      91%         5
 Eringya's Noxious Bog    Tmut/Pois      3%         N/A       100%        6
 Starburst                Conj/Fire      3%         6d3       100%        6
 Summon Hydra             Summ           3%         N/A       100%        7
 Discord                  Hex            3%         N/A       100%        8
 Ignition                 Fire           3%         3d4       100%        8


Dungeon Overview and Level Annotations

Branches:
Dungeon (12/15)            Temple (0/1) D:7            Lair (0/5) D:8
    Orc (0/2) D:12

Shops:
D:3 !   D:5 *


Innate Abilities, Weirdness & Mutations

You have an increased reservoir of magic. (+10% MP)
You shall have no god before yourself.
Your divine heritage dramatically boosts your attributes as you level up.


Message History

You slice the large slime creature!! You freeze the large slime creature.
The large slime creature is moderately wounded.
You hit the large slime creature. You freeze the large slime creature.
You slash the large slime creature! You freeze the large slime creature.
The large slime creature is heavily wounded.
You hit the large slime creature. You freeze the large slime creature.
The large slime creature hits you. The large slime creature hits you!!
Casting: Blink (safe; 1% risk of failure)
Confirm with . or Enter, or press ? or * to list all spells.
You blink.
Found a shortbow.
You feel stable enough to blink again.
There is an open door here.
As you close the door, it creaks loudly!
You start resting.
Magic restored.
You start resting.
HP restored.
You open the door.
The slime creature quivers. x2
Two slime creatures merge to form a large slime creature.
You slash the large slime creature! You freeze the large slime creature.
The large slime creature is lightly wounded.
You slash the large slime creature! You freeze the large slime creature.
The large slime creature is moderately wounded.
Two slime creatures merge to form a very large slime creature.
Two slime creatures merge to form an enormous slime creature.
Casting: Blink (safe; 1% risk of failure)
Confirm with . or Enter, or press ? or * to list all spells.
You blink.
The enormous slime creature hits you!!!!
Ouch! That really hurt!
Casting: Blink (safe; 1% risk of failure)
Confirm with . or Enter, or press ? or * to list all spells.
Okay, then.
The enormous slime creature attacks as you move away!
The enormous slime creature barely misses you.
The enormous slime creature attacks as you move away!
The enormous slime creature hits you!!!
You die...

.................... ##
.................... #.
.................... #.
#####+#####'########## #.
...............#.....# ##
...............#.....#
...............'..)..#
..............J#.....#.#######
...#########.@.####'##.....).)
.. #...# .....##### . #....#
... #.... #.)..# .. #....
#....# . #.... #....# #....
#..### ##### #..# ######..#
#....#...


You could see an enormous slime creature.

Vanquished Creatures
  2 two-headed ogres
  Lodul (D:10)
  A cyclops (D:10)
  Maggie (D:10)
  A gargoyle (D:10)
  4 trolls
  4 vampires (D:11)
  A wraith (D:12)
  6 yaks (D:11)
  A steam dragon (D:7)
  Menkaure (D:5)
  6 vampire mosquitoes
  2 water moccasins
  5 orc warriors
  11 ogres
  A black bear (D:5)
  9 centaurs
  3 kobold brigands
  A necrophage (D:5)
  2 bullfrogs
  3 gnoll sergeants
  3 scorpions
  5 wights (D:9)
  6 killer bees (D:9)
  4 howler monkeys
  6 hounds
  3 jellies
  10 orc priests
  A gnoll bouda (D:6)
  4 iguanas
  16 orc wizards
  Ijyb (D:3)
  9 adders
  18 gnolls
  6 worms
  4 dart slugs
  72 orcs
  7 bats
  7 endoplasms
  11 giant cockroaches
  9 goblins
  7 hobgoblins
  3 jackals (D:5)
  17 kobolds
  5 quokkas
  10 ball pythons
  5 frilled lizards
  5 rats
320 creatures vanquished.

Vanquished Creatures (collateral kills)
  A jelly (D:5)
1 creature vanquished.

Vanquished Creatures (others)
  An adder zombie (D:5)
1 creature vanquished.

Grand Total: 322 creatures vanquished

Notes
Turn   | Place    | Note
-------+----------+-------------------------------------------
     0 | D:1      | epsilonplus the Demigod Warper began the quest for the Orb.
     0 | D:1      | Reached XP level 1. HP: 17/17 MP: 5/5
    20 | D:1      | Reached skill level 1 in Throwing
    20 | D:1      | Reached skill level 1 in Armour
    73 | D:1      | You fall into a shaft and drop 1 floor!
   168 | D:1      | Reached XP level 2. HP: 19/24 MP: 7/7
   507 | D:1      | Learned a level 2 spell: Blink
   528 | D:1      | Reached XP level 3. HP: 19/29 MP: 8/8
   532 | D:1      | Learned a level 3 spell: Teleport Other
  1260 | D:2      | Reached skill level 1 in Axes
  1540 | D:3      | Reached XP level 4. HP: 20/36 MP: 9/9
  2171 | D:3      | Reached XP level 5. HP: 35/41 MP: 10/10
  2334 | D:3      | Noticed Ijyb
  2334 | D:3      | Paralysed by Ijyb for 5 turns
  2343 | D:3      | Killed Ijyb
  2570 | D:3      | Found Orof's Distillery.
  2577 | D:3      | Bought a potion of degeneration for 10 gold pieces
  2577 | D:3      | Bought a potion of invisibility for 80 gold pieces
  2577 | D:3      | Bought a potion of curing for 30 gold pieces
  2586 | D:4      | Noticed an ogre
  2732 | D:4      | Killed an ogre
  2733 | D:4      | Reached XP level 6. HP: 20/48 MP: 11/11
  2737 | D:4      | Identified the +1 robe of Egalitarianism {-Cast Fly rN++}
  3102 | D:4      | Learned a level 3 spell: Vhi's Electric Charge
  3388 | D:4      | Identified a scroll of acquirement
  3388 | D:4      | Acquired the +1 ring mail "Vofiys" {rF+ rN+ Slay+4}
  3758 | D:5      | Entered Level 5 of the Dungeon
  3772 | D:5      | Reached XP level 7. HP: 49/53 MP: 12/12
  3917 | D:5      | Found Zanipi's Neck Hole.
  3975 | D:5      | Reached skill level 5 in Translocations
  4318 | D:5      | Noticed Menkaure
  4332 | D:5      | Killed Menkaure
  4333 | D:5      | Reached XP level 8. HP: 58/60 MP: 13/13
  4664 | D:6      | Reached skill level 5 in Armour
  5330 | D:6      | Reached skill level 5 in Axes
  5959 | D:7      | Found a staircase to the Ecumenical Temple.
  6187 | D:7      | Reached skill level 1 in Air Magic
  6724 | D:8      | Found a staircase to the Lair.
  7370 | D:8      | Reached skill level 1 in Polearms
  7370 | D:8      | Reached XP level 9. HP: 53/69 MP: 14/14
  7751 | D:9      | Noticed a two-headed ogre
  7761 | D:10     | Entered Level 10 of the Dungeon
  7799 | D:10     | Noticed a cyclops
  9777 | D:10     | Killed a cyclops
  9778 | D:10     | Reached XP level 10. HP: 60/80 MP: 15/17
  9823 | D:10     | Reached skill level 5 in Fighting
 10148 | D:10     | Noticed Lodul
 10160 | D:10     | Killed Lodul
 10161 | D:10     | Reached skill level 5 in Dodging
 10516 | D:10     | Noticed Maggie
 10523 | D:10     | Killed Maggie
 11134 | D:11     | Noticed a two-headed ogre
 11143 | D:11     | Killed a two-headed ogre
 11558 | D:11     | Reached XP level 11. HP: 38/91 MP: 8/21
 12147 | D:12     | Noticed a two-headed ogre
 12163 | D:12     | Killed a two-headed ogre
 12164 | D:12     | Reached skill level 5 in Spellcasting
 12654 | D:12     | Found a staircase to the Orcish Mines.
 13089 | D:12     | Mangled by an enormous slime creature

Illustrated notes

Levels and vault maps discovered:
D:1:      eino_arrival_druids_welcome, layout_basic, minmay_tromino_mix6
D:2:      layout_rooms
D:3:      minmay_roachtagon, layout_loops_corners, serial_shops, shop_fountains,
          cheibrodos_gnoll_hut, uniq_ijyb
D:4:      minmay_inner_zag, layout_basic, old_standard_altar, minmay_bisected
D:5:      layout_basic, pf_just_have_faith, nicolae_shop_sticking_my_neck_out,
          uniq_menkaure
D:6:      layout_loops_cross, nicolae_uskayaw_dance_studio,
          chequers_temple_overflow_minitemple
D:7:      layout_basic, kennysheep_mini, minmay_temple_entry_sparse_star
D:8:      layout_basic, nicolae_overflow_hidden_temple, lair_entry_dummy,
          amethyst_killhole, david_defended_altar_orc
D:9:      layout_long_grid, kiku_gazebo_pond_becter, special_room
          [special_room_orc]
D:10:     layout_long_grid, uniq_lodul, uniq_maggie
D:11:     layout_basic, kennysheep_minor_cross,
          nicolae_wu_jian_immortal_techniques
D:12:     layout_stronghold, hiddenorc2_lemuel

Skill      XL: |  1  2  3  4  5  6  7  8  9 10 11 |
---------------+----------------------------------+-----
Throwing       | 1 2 3 |  3.0
Armour         | 1 2 3 4 5 6 |  6.5
Long Blades    | 2 |  2.0
Translocations | 3 4 5 6 |  6.2
Axes           | 1 2 3 4 5 6 7 |  7.0
Dodging        | 2 4 6 |  6.1
Fighting       | 3 4 6 7 |  7.0
Air Magic      | 2 3 |  3.6
Polearms       | 1 3 4 |  4.9
Spellcasting   | 2 4 5 |  5.2

Action                     |  1- 3 |  4- 6 |  7- 9 | 10-12 || total
---------------------------+-------+-------+-------+-------++-------
  Melee: Falchion          |    38 |       |       |       ||    38
         Hand axe          |    77 |   149 |   186 |       ||   412
         Punch             |       |     1 |     4 |     2 ||     7
         Spear             |       |       |   184 |    50 ||   234
         Broad axe         |       |       |       |   230 ||   230
  Throw: Javelin           |       |       |     4 |       ||     4
         Boomerang         |       |       |     2 |       ||     2
         Dart              |       |       |    10 |    11 ||    21
   Cast: Blink             |       |     1 |     3 |     2 ||     6
    Use: Scroll            |     6 |     5 |     5 |    13 ||    29
         Potion            |       |       |     2 |       ||     2
   Stab: Paralysed         |       |     1 |     4 |       ||     5
         Distracted        |       |       |     1 |       ||     1
 Armour: Leather armour    |    19 |       |       |       ||    19
         Scale mail        |    30 |    55 |       |       ||    85
         Ring mail         |       |     8 |   173 |   150 ||   331
  Dodge: Dodged            |    69 |    81 |   258 |   250 ||   658

Table legend: (Time is in decaauts)
 A = Elapsed time spent in this place.
 B = Non-inter-level travel time spent in this place.
 C = Inter-level travel time spent in this place.
 D = Time resting spent in this place.
 E = Time spent auto-exploring this place.
 F = Levels seen in this place.
 G = Mean time per level.
                   A        B        C        D        E       F      G
               +--------+--------+--------+--------+--------+-----+--------+
         Total |  13283 |  12743 |    540 |   1895 |   8541 |  12 | 1106.9 |
       Dungeon |  13283 |  12743 |    540 |   1895 |   8541 |  12 | 1106.9 |
               +--------+--------+--------+--------+--------+-----+--------+

Top non-repeatable levels by time:
    D:10: 1450 daAuts
    D:11: 1381 daAuts
     D:9: 1307 daAuts
     D:3: 1231 daAuts
     D:5: 1190 daAuts
     D:8: 1176 daAuts
    D:12: 1128 daAuts
     D:1: 1107 daAuts
     D:4: 1052 daAuts
     D:6: 1039 daAuts
     D:7: 797 daAuts
     D:2: 420 daAuts
